 Dungeon Crawl Stone Soup version 0.28-a0-1624-g820543e53a (webtiles) character file.

Game seed: 18346310591741788533

48 p0werm0de the Skirmisher (level 4, -3/36 HPs)
             Began as a Djinni Chaos Knight on Jan 23, 2022.
             Was a Plaything of Xom.
             Slain by Sigmund the culicivora (shapeshifter) (9 damage)
             ... on level 2 of the Dungeon.
             The game lasted 00:00:43 (1474 turns).

p0werm0de the Skirmisher (Djinni Chaos Knight)      Turns: 1474, Time: 00:00:44

Health: -3/36      AC:  9    Str: 13    XL:     4   Next: 0%
Gold:   116        EV:  6    Int: 14    God:    Xom [...*..] SH:  0 Dex: 12

rFire   + + +      SeeInvis .   a - +0 hand axe (chaos)
rCold   x . .      Faith    .   (no shield)
rNeg    + . .      Spirit   .   c - +1 chain mail {rF+}
rPois   ∞          Reflect  .   (no helmet)
rElec   .          Harm     .   (no cloak)
rCorr   .          Rampage  .   (no gloves)
Will    .....                   (boots unavailable)
Stlth   ..........              (no amulet)
HPRegen 0.12/turn               d - ring of positive energy
MPRegen 0.00/turn               (no ring)

@: flying
A: sickness immunity, fire resistance 2, cold vulnerability 1, float, innate
caster, hp casting, extra vitality 1
a: Renounce Religion


You were on level 2 of the Dungeon.
You worshipped Xom.
You were a favourite toy of Xom.
You visited 1 branch of the dungeon, and saw 2 of its levels.

You collected 116 gold pieces.

Inventory:

Hand Weapons
 a - a +0 hand axe of chaos (weapon)
Armour
 b - a +2 leather armour
 c - a +1 chain mail of fire resistance (worn)
   (You found it on level 1 of the Dungeon)
Jewellery
 d - a ring of positive energy (left hand)
   (You found it on level 2 of the Dungeon)
Potions
 e - 2 potions of might {unknown}
 f - 2 potions of heal wounds {unknown}
 g - a potion of degeneration {unknown}
 q - a potion of curing


   Skills:
 * Level 3.6 Fighting
 * Level 2.9 Axes
 * Level 2.1 Armour
 - Level 2.1 Dodging


You had 2 spell levels left.
You knew the following spells:

 Your Spells              Type           Power      Damage    Failure   Level
a - Sandblast             Erth           0%         2d4       100%        1
Your spell library was empty.


Dungeon Overview and Level Annotations

Branches:
Dungeon (2/15)

Altars:

Shops:
D:1 (

Annotations:
D:2 Sigmund


Innate Abilities, Weirdness & Mutations

You are immune to sickness and miasma.
You are immune to poison.
Your flesh is very heat resistant. (rF++)
You are vulnerable to cold. (rC-)
You float through the air rather than walking.
You learn spells naturally, not from books.
Your magical power is your life essence.
You have superior vitality. (+4 MHP)


Message History

Sigmund the Dreaded comes into view.
He is wielding a +0 scythe.
Sigmund shouts!
Sigmund is nearby!
Sigmund hits you from afar with a +0 scythe.
Sigmund is nearby!
Sigmund hits you with a +0 scythe.
You closely miss Sigmund. Sigmund barely misses you.
You hit Sigmund but do no damage.
Sigmund changes into a shapeshifter!
Sigmund the shapeshifter changes into a culicivora!
You hit Sigmund.
Sigmund suddenly stops moving!
Sigmund is lightly wounded.
Sigmund fails to defend itself.
You hit Sigmund.
Sigmund is lightly wounded.
Sigmund fails to defend itself.
You hit Sigmund.
Sigmund is poisoned.
Sigmund is lightly wounded.
Sigmund fails to defend itself.
You slash Sigmund!
Sigmund is moderately wounded.
Sigmund fails to defend itself.
You hit Sigmund. You burn Sigmund.
Sigmund is heavily wounded.
Sigmund is no longer paralysed.
Sigmund barely misses you.
You miss Sigmund.
Sigmund is severely wounded.
Sigmund bites you but does no damage. Sigmund bites you!
A shower of butterflies erupts from you!
You closely miss Sigmund.
Sigmund is almost dead.
Sigmund bites you!
* * * LOW HITPOINT WARNING * * *
Sigmund barely misses you.
You are too injured to fight recklessly!
You are too injured to fight recklessly!
You are too injured to fight recklessly!
You are too injured to fight recklessly!
You are too injured to fight recklessly!
You are too injured to fight recklessly!
You are too injured to fight recklessly!
You miss Sigmund.
Sigmund is almost dead.
Sigmund bites you!
You die...

######### #.......#
#.......# #.......#
#.......# #.......#
#.......######## ##
#............bb####.b.#
#.......######.b@s.b..#
<.......# ####.......
.######## .##.### .# .#
# .# ## .#### #...#
..#.# ###.#


You could see Sigmund the culicivora shaped shifter (poisoned, ally target).

Vanquished Creatures
  A gnoll (D:1)
  An adder (D:2)
  4 ball pythons (D:1)
  3 endoplasms
  3 giant cockroaches (D:1)
  3 goblins
  3 hobgoblins
  2 kobolds
  5 bats (D:1)
  3 rats (D:1)
28 creatures vanquished.

Vanquished Creatures (others)
  2 fungi (D:1)
  2 plants (D:1)
4 creatures vanquished.

Grand Total: 32 creatures vanquished

Notes
Turn   | Place    | Note
-------+----------+-------------------------------------------
     0 | D:1      | p0werm0de the Djinni Chaos Knight began the quest for the
                  | Orb.
     0 | D:1      | Reached XP level 1. HP: 20/20 MP: 0/0
    41 | D:1      | Found Gainga's Weapon Boutique.
   422 | D:1      | XOM: silly message
   427 | D:1      | Reached XP level 2. HP: 25/25 MP: 0/0
   596 | D:1      | XOM: potion effect (might)
   657 | D:1      | Found a faded altar of an unknown god.
   684 | D:1      | Reached XP level 3. HP: 30/30 MP: 0/0
   684 | D:1      | Learned a level 1 spell: Sandblast
  1050 | D:1      | XOM: divination: detect items
  1280 | D:2      | Reached XP level 4. HP: 27/36 MP: 0/0
  1319 | D:2      | XOM: god gift: scroll labelled XOOL HISKY {god gift}
  1461 | D:2      | Noticed Sigmund
  1466 | D:2      | Noticed Sigmund
  1466 | D:2      | Sigmund changed into Sigmund the shapeshifter
  1466 | D:2      | Noticed Sigmund
  1466 | D:2      | Sigmund the shapeshifter changed into Sigmund the
                  | culicivora
  1472 | D:2      | XOM: butterfly on damage
  1474 | D:2      | Slain by Sigmund the culicivora (shapeshifter)

Illustrated notes

Levels and vault maps discovered:
D:1:      kennysheep_arrival_forest, layout_loops_ring,
          shapermc_ecumenical_altar_mp_urbaneastern, serial_shops,
          nicolae_shop_hallway_stairs, minmay_vboxes
D:2:      layout_rooms, basic_altar, corexii_hall_statues_x,
          minmay_pentomino_s4, uniq_sigmund

Skill      XL: |  1  2  3 |
---------------+----------+-----
Armour         | 2 |  2.1
Fighting       | |  3.6
Axes           | |  2.9
Dodging        | |  2.1

Action                   |  1- 3 |  4- 6 || total
-------------------------+-------+-------++-------
Melee: Hand axe          |    80 |    10 ||    90
       Punch             |     1 |       ||     1
  Use: Potion            |     2 |       ||     2
       Scroll            |       |     2 ||     2
 Stab: Paralysed         |       |     4 ||     4
Armor: Chain mail        |    57 |     1 ||    58
Dodge: Dodged            |    22 |     3 ||    25

Table legend: (Time is in decaauts)
 A = Elapsed time spent in this place.
 B = Non-inter-level travel time spent in this place.
 C = Inter-level travel time spent in this place.
 D = Time resting spent in this place.
 E = Time spent auto-exploring this place.
 F = Levels seen in this place.
 G = Mean time per level.
                   A        B        C        D        E       F      G
               +--------+--------+--------+--------+--------+-----+--------+
         Total |   1487 |   1462 |     25 |      0 |   1250 |   2 |  743.5 |
       Dungeon |   1487 |   1462 |     25 |      0 |   1250 |   2 |  743.5 |
               +--------+--------+--------+--------+--------+-----+--------+

Top non-repeatable levels by time:
     D:1: 1183 daAuts
     D:2: 304 daAuts
